 Dungeon Crawl Stone Soup version 0.21.1-1-g345015f (webtiles) character file.

1403 rabel the Geomancer (level 8, -4/41 HPs)
             Began as a Gargoyle Earth Elementalist on June 5, 2018.
             Slain by an orc warrior
             ... wielding a +0 mace
              (15 damage)
             ... on level 6 of the Dungeon.
             The game lasted 00:25:46 (5476 turns).

rabel the Geomancer (Gargoyle Earth Elementalist)   Turns: 5476, Time: 00:25:46

Health: -4/41      AC: 10    Str: 13    XL:     8   Next: 69%
Magic:  2/16       EV: 13    Int: 17    God:
Gold:   276        SH:  0    Dex: 10    Spells: 7/18 levels left

rFire    . . .     SeeInvis .   a - +1 whip (flame)
rCold    . . .     Gourm    .   (no shield)
rNeg     + . .     Faith    .   c - +0 robe
rPois    ∞         Spirit   .   s - +1 helmet
rElec    +         Reflect  .   (no cloak)
rCorr    .         Harm     .   (no gloves)
MR       .....                  (no boots)
Stlth    +++.......             (no amulet)
HPRegen  0.13/turn              (no ring)
MPRegen  0.15/turn              p - +1 ring of protection

@: about to teleport
A: negative energy resistance 1, electricity resistance, unbreathing,
petrification resistance, rot immunity, AC +5
a: no special abilities


You were on level 6 of the Dungeon.
You were not hungry.

You visited 1 branch of the dungeon, and saw 6 of its levels.

You collected 276 gold pieces.

Inventory:

Hand Weapons
 a - a +1 whip of flaming (weapon)
 b - a +1 hunting sling
 g - a +0 dagger
 h - a +0 hand axe
 v - a +0 spear
 y - a +0 whip
Missiles
 k - 54 sling bullets
 l - 4 tomahawks (quivered)
 m - 46 arrows
 n - 51 bolts
 o - 72 stones {=f}
Armour
 c - a +0 robe (worn)
 s - a +1 helmet (worn)
Jewellery
 p - a +1 ring of protection (right hand)
Wands
 u - a wand of clouds (2)
Scrolls
 r - 4 scrolls of identify
 w - 2 scrolls of remove curse
 B - 2 scrolls of amnesia
 E - a scroll of teleportation
 F - a scroll of magic mapping
Potions
 f - a potion of mutation {unknown}
 i - 2 potions of curing {unknown}
 j - 2 potions of heal wounds {unknown}
 q - 2 potions of degeneration {unknown}
 t - a potion of brilliance
 x - 2 potions of lignification {unknown}
 G - a potion of agility {unknown}
Books
 e - a book of Geomancy

   Spells                             Type                      Level
   a - Sandblast                      Earth                        1
   b - Passwall                       Transmutation/Earth          2
   c - Stone Arrow                    Conjuration/Earth            3
   d - Petrify                        Transmutation/Earth          4
   e - Lee's Rapid Deconstruction     Earth                        5
Comestibles
 d - 12 rations
 z - 4 chunks of flesh


   Skills:
 + Level 3.8 Dodging
 + Level 5.4 Stealth
 * Level 5.7 Spellcasting
 - Level 0.7 Transmutations
 * Level 8.1 Earth Magic


You had 7 spell levels left.
You knew the following spells:

 Your Spells              Type           Power        Failure   Level  Hunger
a - Sandblast             Erth           ####..       1%          1    None
b - Passwall              Tmut/Erth      ###.......   3%          2    #......
c - Stone Arrow           Conj/Erth      ###...       8%          3    ##.....
d - Lee's Rapid Deconstr  Erth           ####......   13%         5    ######.


Dungeon Overview and Level Annotations

Branches:
Dungeon (6/15)
 Temple: D:4-7

Altars:
Ashenzari
Cheibriados
Fedhas
Qazlal
Trog
Vehumet
Yredelemnul

Shops:
D:4 (   D:5 *

Annotations:
D:3 exclusion: oklob plant
D:4 Fang's ghost, novice GrBe


Innate Abilities, Weirdness & Mutations

You are resistant to torment.
Your stone body is resilient. (AC +5)
You are immune to poison.
You resist negative energy. (rN+)
You are resistant to electric shocks. (rElec)
You can survive without breathing.
You are immune to petrification.
You are immune to rotting.


Message History

Aiming: Stone Arrow
Press: ? - help, Shift-Dir - straight line, f/p - orc warrior
Aim: an orc warrior, wielding a mace and wearing a plate armour (heavily wounded)
The stone arrow hits the orc warrior.
The orc warrior is almost dead.
The orc warrior hits you with a mace!
Casting: Stone Arrow
Confirm with . or Enter, or press ? or * to list all spells.
Aiming: Sandblast
Press: ? - help, Shift-Dir - straight line, f/p - orc warrior
Aim: an orc warrior, wielding a mace and wearing a plate armour (almost dead)
The blast of sand hits the orc warrior.
The orc warrior is almost dead.
o - 72 stones {=f} The orc warrior hits you with a mace.
* * * LOW HITPOINT WARNING * * *
The phantom blinks!
As you read the scroll of teleportation, it crumbles to dust.
You feel strangely unstable. The orc warrior hits you with a mace!
You die...

,**,* **,**,***,,,,,,_,* ,**,*
*..#.* ************* ,,,,*
###.#.# *,,,,,* ***** #.....#
*,,,,,* #.....# #######,,,,,*
#.....# #.....#,,,,,* #.....#
#.W...#,,,,,*
#.....###.....#,,,,,*
***#......@...#,,,,,**
####..#####o###,,,,,,******
#.....#***#o#**,,,,,,,,,,,,
#######...#.#....§o.oo(..,,,,,,,,
............#.....###....,,,,,,,,
....#######.#......,,,,..,,******
............#......,,*,,,***
......)....>#.......,*,,,* ***
.....[.....##########***** *,,


You could see a phantom, an orc warrior and 2 orcs.

Vanquished Creatures
  Pikel (D:3)
  3 ogres
  A water moccasin skeleton (D:6)
  A centaur zombie (D:5)
  4 orc priests
  A bullfrog skeleton (D:4)
  A jelly (D:5)
  2 orc wizards
  5 worker ants
  A mummy (D:5)
  A howler monkey skeleton (D:4)
  6 adders
  4 gnolls (D:5)
  An ooze (D:3)
  2 adder skeletons (D:5)
  2 worms
  A dart slug (D:2)
  4 leopard geckos
  9 orcs
  A ball python (D:4)
  6 bats
  5 giant cockroaches
  6 goblins
  6 hobgoblins
  2 quokkas
  7 frilled lizards
  A goblin zombie (D:5)
  A jackal skeleton (D:5)
  2 kobolds
  A kobold skeleton (D:5)
  A leopard gecko skeleton (D:4)
  6 rats
95 creatures vanquished.

Vanquished Creatures (others)
  A slave (D:4)
  An orc wizard (D:4)
  An orc (D:4)
3 creatures vanquished.

Grand Total: 98 creatures vanquished

Notes
Turn   | Place    | Note
-------+----------+-------------------------------------------
     0 | D:1      | rabel the Gargoyle Earth Elementalist began the quest for the Orb.
     0 | D:1      | Reached XP level 1. HP: 10/10 MP: 3/3
   368 | D:1      | Reached XP level 2. HP: 4/15 MP: 0/5
   659 | D:1      | Reached skill level 4 in Earth Magic
  1176 | D:2      | Learned a level 2 spell: Passwall
  1219 | D:2      | Reached XP level 3. HP: 19/19 MP: 3/6
  1454 | D:2      | Found a bloodstained altar of Trog.
  1477 | D:2      | Found a stormy altar of Qazlal.
  1898 | D:3      | Reached XP level 4. HP: 24/24 MP: 6/8
  2030 | D:3      | Found a blossoming altar of Fedhas.
  2053 | D:3      | Noticed an oklob plant
  2672 | D:3      | Found a radiant altar of Vehumet.
  2821 | D:4      | Reached XP level 5. HP: 20/28 MP: 3/9
  2954 | D:4      | Noticed Fang's ghost (novice GrBe)
  2966 | D:4      | Found Taplopsa's Antique Weapon Boutique.
  3026 | D:4      | Reached skill level 5 in Earth Magic
  3152 | D:4      | Noticed an ogre
  3180 | D:4      | Killed an ogre
  3180 | D:4      | Reached XP level 6. HP: 32/32 MP: 7/11
  3232 | D:4      | Learned a level 3 spell: Stone Arrow
  3318 | D:4      | Noticed a slave
  3360 | D:4      | Noticed Pikel
  3361 | D:4      | Noticed a slave
  3362 | D:4      | Noticed a slave
  3733 | D:4      | Noticed a slave
  3836 | D:3      | Killed Pikel
  3836 | D:3      | Reached skill level 7 in Earth Magic
  3836 | D:3      | Reached XP level 7. HP: 36/36 MP: 1/14
  3836 | D:3      | Reached XP level 8. HP: 41/41 MP: 1/15
  3981 | D:4      | Reached skill level 5 in Spellcasting
  4299 | D:5      | Entered Level 5 of the Dungeon
  4299 | D:5      | Found Sumiar's General Store.
  4319 | D:5      | Found a snail-covered altar of Cheibriados.
  4557 | D:5      | Reached skill level 5 in Stealth
  4713 | D:5      | Found a runed door.
  4755 | D:5      | Found a basalt altar of Yredelemnul.
  5090 | D:5      | Found a shattered altar of Ashenzari.
  5370 | D:6      | Learned a level 5 spell: Lee's Rapid Deconstruction
  5384 | D:6      | Reached skill level 8 in Earth Magic
  5476 | D:6      | Slain by an orc warrior

Skill      XL: |  1  2  3  4  5  6  7  8 |
---------------+-------------------------+-----
Earth Magic    | 4 5 7 8 |  8.1
Dodging        | 2 3 |  3.8
Stealth        | 3 4 5 |  5.4
Spellcasting   | 3 4 5 |  5.7
Transmutations | |  0.7

Action                   |  1- 3 |  4- 6 |  7- 9 || total
-------------------------+-------+-------+-------++-------
Melee: Dagger            |     6 |       |     1 ||     7
       Spear             |       |     1 |       ||     1
       Whip              |       |       |    41 ||    41
 Fire: Hunting sling     |    24 |    56 |    48 ||   128
Throw: Tomahawk          |     4 |       |       ||     4
 Cast: Sandblast         |    35 |    35 |    46 ||   116
       Stone Arrow       |       |     4 |    15 ||    19
       Passwall          |       |       |     5 ||     5
Evoke: Wand              |       |     2 |       ||     2
  Use: Scroll            |     3 |     3 |     6 ||    12
 Stab: Sleeping          |       |       |     1 ||     1
  Eat: Chunk             |     3 |     5 |     4 ||    12
       Ration            |       |     1 |       ||     1
Armor: Robe              |     8 |     7 |    29 ||    44
Dodge: Dodged            |    18 |    13 |    33 ||    64
